 Dungeon Crawl Stone Soup version 0.21-a0-228-g14ccbf3 (webtiles) character file.

60 Blomdor the Chopper (level 4, -5/34 HPs)
             Began as a Barachi Skald on Aug 31, 2017.
             Slain by Natasha (8 damage)
             ... on level 2 of the Dungeon.
             The game lasted 00:01:28 (1370 turns).

Blomdor the Chopper (Barachi Skald)                 Turns: 1370, Time: 00:01:28

Health: -5/34      AC:  3    Str: 13    XL:     4   Next: 4%
Magic:  7/7        EV: 12    Int: 14    God:
Gold:   63         SH:  0    Dex: 11    Spells: 6/7 levels left

rFire    . . .     SeeInvis .   k - +1 dagger (venom)
rCold    . . .     Gourm    +   (no shield)
rNeg     . . .     Faith    .   b - +0 leather armour
rPois    .         Spirit   .   (no helmet)
rElec    .         Reflect  .   (no cloak)
rCorr    .         Harm     .   (no gloves)
MR       .....                  (no boots)
Stlth    +.........             g - amulet of the gourmand
HPRegen  0.11/turn              (no ring)
MPRegen  0.10/turn              (no ring)

@: slowed, very slow
A: +LOS, swims, slowness 1, strong legs 1
a: Hop


You were on level 2 of the Dungeon.
You were not hungry.

You visited 1 branch of the dungeon, and saw 2 of its levels.

You collected 63 gold pieces.

Inventory:

Hand Weapons
 a - a +0 hand axe
 k - a +1 dagger of venom (weapon)
Armour
 b - a +0 leather armour (worn)
Jewellery
 g - an amulet of the gourmand (around neck)
Scrolls
 h - a scroll of remove curse
 o - a scroll of fog
Potions
 e - a potion of brilliance {unknown}
 i - a potion of agility {unknown}
 m - a potion of resistance {unknown}
 n - a potion of lignification {unknown}
Books
 c - a book of Battle

   Spells                             Type                      Level
   a - Infusion                       Charms                       1
   b - Shroud of Golubria             Charms/Translocation         2
   c - Song of Slaying                Charms                       2
   d - Spectral Weapon                Hexes/Charms                 3
   e - Regeneration                   Charms/Necromancy            3
Comestibles
 d - 2 bread rations
 f - 2 meat rations


   Skills:
 - Level 2.4 Fighting
 * Level 4.6 Axes
 - Level 1.2 Armour
 - Level 2.1 Dodging
 - Level 2.1 Spellcasting
 - Level 3.2 Charms


You had 6 spell levels left.
You knew the following spells:

 Your Spells              Type           Power        Failure   Level  Hunger
a - Infusion              Chrm           ##..         8%          1    #......


Dungeon Overview and Level Annotations

Branches:
Dungeon (2/15)

Altars:
Gozag

Annotations:
D:2 Natasha


Innate Abilities, Weirdness & Mutations

Shadows flee at your approach. (+LOS)
You can swim through water.
You cover ground slowly.
You can hop short distances.


Message History

You kill the jackal!
The jackal closely misses you.
A jackal and Natasha come into view.
The jackal barks!
You hit the jackal but do no damage.
The jackal is poisoned.
The jackal bites you.
Natasha stares at you and mumbles some strange words.
You feel yourself slow down.
You hit the jackal.
The jackal looks even sicker.
The jackal is moderately wounded.
The jackal bites you but does no damage.
The jackal closely misses you. x3
You kill the jackal!
Natasha casts a spell at you.
You feel as though you will be slow longer.
Natasha stares at you and mumbles some strange words.
The magic dart hits you!
* * * LOW HITPOINT WARNING * * *
Natasha claws you!
You die...

#. ##. #.# ... #.##.#
##.#..# ### ....# .. #
###(..# #.# .#
##†.h#.# ..# ..####
#.h###.###)#
##.#......#..h@h.....#
#...### #..%####.#####
#.............# #.#
....>......#..# #.##
#..........#.... #..#
# #
.........#.##.###.##
.. # ######.... ..#..#
.# # ###..###
#.##.##.#### # #...
#.#..(.....#


You could see Natasha and 2 jackals.

Vanquished Creatures
  Natasha (D:2)
  2 dart slugs (D:1)
  3 bats
  2 giant cockroaches
  A goblin (D:2)
  4 hobgoblins (D:1)
  2 jackals (D:2)
  6 kobolds
  6 frilled lizards
  4 rats
31 creatures vanquished.

Notes
Turn   | Place    | Note
-------+----------+-------------------------------------------
     0 | D:1      | Blomdor the Barachi Skald began the quest for the Orb.
     0 | D:1      | Reached XP level 1. HP: 17/17 MP: 3/3
   133 | D:1      | Reached XP level 2. HP: 16/23 MP: 5/5
   322 | D:1      | Reached skill level 3 in Axes
  1166 | D:1      | Reached XP level 3. HP: 28/28 MP: 6/6
  1303 | D:2      | Found an opulent altar of Gozag.
  1347 | D:2      | Reached skill level 4 in Axes
  1353 | D:2      | Noticed Natasha
  1358 | D:2      | Killed Natasha
  1358 | D:2      | Reached XP level 4. HP: 16/34 MP: 7/7
  1367 | D:2      | Noticed Natasha
  1370 | D:2      | Slain by Natasha

Vault maps used:
D:1:      minmay_arrival_four_houses, st_stairs_8, serial_bayou_lagoon_a,
          kennysheep_doodads
D:2:      lemuel_crystal_altar, lemuel_doored_altar, overflow_temple_1_default,
          overflow_temple_1_default, uniq_robin, uniq_crazy_yiuf_cottage,
          uniq_natasha

Skill      XL: |  1  2  3 |
---------------+----------+-----
Axes           | 3 4 |  4.6
Fighting       | |  2.4
Armour         | |  1.2
Dodging        | |  2.1
Spellcasting   | |  2.1
Charms         | |  3.2

Action                   |  1- 3 |  4- 6 || total
-------------------------+-------+-------++-------
Melee: Hand axe          |    35 |       ||    35
       Dagger            |    51 |     6 ||    57
  Use: Scroll            |     2 |       ||     2
  Eat: Chunk             |     3 |       ||     3
Armor: Leather armour    |    28 |     2 ||    30
Dodge: Dodged            |    65 |     4 ||    69

Table legend:
 A = Spawn XP
 B = Non-spawn XP
 C = Spawn XP percentage of total XP
 D = Spawn monster count
 E = Non-spawn monster count
 F = Spawn count percentage of total count
 G = Total turns spent on level
                    A         B        C        D         E        F      G
               +---------+---------+-------+---------+---------+-------+---------
         Total |      11 |      75 |  12.8 |       7 |      24 |  22.6 |  1370
               +---------+---------+-------+---------+---------+-------+---------
           D:1 |       7 |      29 |  19.4 |       5 |      16 |  23.8 |  1289
           D:2 |       4 |      46 |   8.0 |       2 |       8 |  20.0 |    81
               +---------+---------+-------+---------+---------+-------+---------
